cohdb
Replays
Latest Replays
All Replays
Popular Replays
Top Player Replays
Match Explorer
How It Works
Community
CoH3 Stats
Reddit
Sign in to upload your games and track your stats! →
Sign in with Steam
Match 42351539
Unlisted
Match 42351539
Overview
Messages
Build Orders
End
Construct Barracks
Riflemen Squad
1⁄4-ton 4x4 Truck
Riflemen Squad
Grenade Package
Riflemen Squad
Infantry Support Center
Construct Weapon Support Center
Selects Heavy Weapons
Selects Assault Carriers
M3 Assault Carrier
Selects Exchangeable Parts
Engineer Squad
Construct Medical Station
M1918 Browning Automatic Rifles
Engineer Squad
M1919 Machine Gun Team
M3 Assault Carrier
BlackJackKing
[BxB] Victor
Меткић'94
Davitrirus
Victor #52
YO BOY ANT
.
Monkey Master of Monkeys
0
0
Comments
sign in to comment!
No comments posted yet!